 Dungeon Crawl Stone Soup version 0.29.0-4-gdea44cf6ec (webtiles) character file.

Game seed: 5653495122444169989

116 qw the Chopper (level 5, 0/30 HPs)
             Began as a Tengu Warper on Aug 28, 2022.
             Slain by an ogre
             ... wielding a +0 giant club
              (9 damage)
             ... on level 3 of the Dungeon.
             The game lasted 00:00:13 (2006 turns).

qw the Chopper (Tengu Warper)                       Turns: 2006, Time: 00:00:13

Health: 0/30       AC:  6    Str: 12 (13) XL:     5   Next: 1%
Magic:  9/9        EV: 11    Int: 12 (14) God:
Gold:   166        SH:  0    Dex: 13      Spells: 8/8 levels left

rFire   . . .      SeeInvis .   Y - +0 war axe
rCold   . . .      Faith    .   (no shield)
rNeg    . . .      Spirit   .   i - +0 scale mail
rPois   .          Reflect  .   (helmet restricted)
rElec   .          Harm     .   (no cloak)
rCorr   .          Rampage  .   (no gloves)
Will    .....                   (boots unavailable)
Stlth   ..........              (no amulet)
HPRegen 0.10/turn               (no ring)
MPRegen 0.11/turn               (no ring)

@: flying quickly and evasively, quick
A: beak, talons 3, nimble flight
a: no special abilities


You were on level 3 of the Dungeon.
You visited 1 branch of the dungeon, and saw 3 of its levels.

You collected 166 gold pieces.


Innate Abilities, Weirdness & Mutations

You have a beak for a mouth.
You have claws for feet.
Your magical nature lets you fly swiftly and evasively.


   Skills:
 - Level 2.0 Fighting
 + Level 5.5 Axes
 - Level 1.0 Throwing
 - Level 1.1 Armour
 - Level 2.1 Dodging
 - Level 2.0 Spellcasting
 - Level 2.4 Translocations


You had 8 spell levels left.
You didn't know any spells.
Your spell library contained the following spells:

 Spells                   Type           Power      Damage    Failure   Level
 Blink                    Tloc           12%        N/A       63%         2
 Gell's Gravitas          Tloc           6%         N/A       86%         3
 Lesser Beckoning         Tloc           6%         N/A       86%         3
 Teleport Other           Tloc           6%         N/A       86%         3
 Manifold Assault         Tloc           6%         N/A       100%        5

Inventory:

Hand Weapons
 e - a +0 flail
 Y - a +0 war axe (weapon)
Missiles
 b - 6 boomerangs (quivered)
Armour
 f - a +0 buckler
 i - a +0 scale mail (worn)
Scrolls
 c - a scroll of immolation {unknown}
 g - a scroll of enchant armour
 h - 4 scrolls of identify
Potions
 a - a potion of heal wounds {unknown}
 d - a potion of berserk rage {unknown}
 j - a potion of curing {unknown}

Dungeon Overview and Level Annotations

Branches:
Dungeon (3/15)

Altars:
Nemelex Xobeh


Message History

f - a +0 buckler
Found a potion of attraction.
A goblin comes into view. It is wielding a +0 club.
Found a sparkling altar of Nemelex Xobeh.
The goblin shouts!
Throw: 6 boomerangs
Press: ? - help, Q - select action Shift-Dir - straight line, f - goblin You throw a boomerang.
The boomerang closely misses the goblin.
Throw: 6 boomerangs
Press: ? - help, Q - select action Shift-Dir - straight line, f/p - goblin You throw a boomerang.
The boomerang barely misses the goblin.
Throw: 6 boomerangs
Press: ? - help, Q - select action Shift-Dir - straight line, f/p - goblin You throw a boomerang.
The boomerang hits the goblin.
You kill the goblin!
There is a fountain of sparkling water here.
You now have 166 gold pieces (gained 18).
There is a fountain of sparkling water here.
g - a scroll of enchant armour
Enter note:
There is a dry fountain here.
An ogre comes into view. It is wielding a +0 giant club.
Found a stone staircase leading down.
The ogre shouts!
A dart slug comes into view.
Enter note:
2002 ||| Stepping ~*~*~tactically~*~*~ (hiding).
You slash the ogre! You peck the ogre.
The ogre is heavily wounded.
The ogre hits you with a +0 giant club!!
Ouch! That really hurt!
A worm comes into view.
You barely miss the ogre.
The ogre is heavily wounded.
The ogre barely misses you.
You barely miss the ogre. Your kick misses the ogre.
The ogre is heavily wounded.
The ogre hits you with a +0 giant club!
You die...

w>.....# ......#
...w.# ..8.# ...#
..# #...## #.#
8...8 #O# . #...#
#@# . #...# #.# .
##...## ##.#
#8...8# #..#
####...#### ###.#
##8##...##8###8#.#
.................#
.................#
.................#


You could see an ogre and a worm.

Vanquished Creatures
  7 gnolls
  An adder (D:2)
  A dart slug (D:3)
  2 endoplasms
  A giant cockroach (D:2)
  3 goblins
  A hobgoblin (D:2)
  7 jackals (D:1)
  5 kobolds
  A quokka (D:1)
  2 ball pythons (D:1)
  2 bats
  6 frilled lizards (D:2)
  2 rats
41 creatures vanquished.

Vanquished Creatures (others)
  A fungus (D:1)
  A plant (D:1)
2 creatures vanquished.

Grand Total: 43 creatures vanquished

Notes
Turn   | Place    | Note
-------+----------+-------------------------------------------
     0 | D:1      | qw the Tengu Warper began the quest for the Orb.
     0 | D:1      | Reached XP level 1. HP: 12/12 MP: 4/4
     0 | D:1      | 0 ||| qw: Version: 0.1-a-89-g26bdef1
     0 | D:1      | 0 ||| qw: Game counter: 1595
     0 | D:1      | 0 ||| qw: Always use a shield: true
     0 | D:1      | 0 ||| qw: God list: Okawaru
     0 | D:1      | 0 ||| qw: Allow faded altars: false
     0 | D:1      | 0 ||| qw: Do Orc after D:15 true
     0 | D:1      | 0 ||| qw: Do second Lair branch before Depths: true
     0 | D:1      | 0 ||| qw: Lair rune preference: random
     0 | D:1      | 0 ||| qw: Plans: Normal
     0 | D:1      | 0 ||| PLANNING D:1-11
   100 | D:1      | Reached XP level 2. HP: 14/17 MP: 6/6
   103 | D:1      | Reached skill level 3 in Axes
   165 | D:1      | Found a faded altar of an unknown god.
   494 | D:1      | 494 ||| SWAPPING to +0 war axe.
   500 | D:1      | 500 ||| DROPPING +0 hand axe.
   717 | D:1      | 717 ||| DROPPING +0 club.
   718 | D:1      | 718 ||| READING 2 scrolls labelled EHAOFO SEYMET.
   719 | D:1      | 719 ||| READING scroll labelled QUIJOCWA LECYS.
   720 | D:1      | 720 ||| READING scroll labelled SAUMAH BONNOSA.
   721 | D:1      | 721 ||| DROPPING scroll of blinking.
   749 | D:2      | 749 ||| STAIRDANCE
   770 | D:2      | 770 ||| DROPPING +0 mace.
   873 | D:2      | 873 ||| Stepping ~*~*~tactically~*~*~ (stealth).
   877 | D:2      | 877 ||| Stepping ~*~*~tactically~*~*~ (stealth).
   890 | D:2      | Reached XP level 3. HP: 21/21 MP: 7/7
   909 | D:2      | Reached skill level 4 in Axes
   974 | D:2      | 974 ||| Stepping ~*~*~tactically~*~*~ (stealth).
  1033 | D:2      | 1033 ||| Stepping ~*~*~tactically~*~*~ (hiding).
  1051 | D:2      | 1051 ||| FLEEEEING.
  1052 | D:2      | 1052 ||| FLEEEEING.
  1055 | D:2      | 1055 ||| Stepping ~*~*~tactically~*~*~ (stealth).
  1080 | D:2      | 1080 ||| FLEEEEING.
  1081 | D:2      | 1081 ||| STAIRDANCE
  1110 | D:1      | 1110 ||| UPGRADING to +0 scale mail.
  1120 | D:1      | 1120 ||| DROPPING +0 leather armour.
  1121 | D:1      | 1121 ||| READING 3 scrolls labelled UMUSETRA DOSKI.
  1122 | D:1      | 1122 ||| READING scroll labelled OWATYXA CINUU.
  1123 | D:1      | 1123 ||| READING scroll labelled FAERGH XOMASUOZ.
  1124 | D:1      | 1124 ||| DRINKING 2 yellow potions.
  1125 | D:1      | 1125 ||| READING 2 scrolls of identify.
  1125 | D:1      | 1125 ||| IDENTIFYING fuming blue potion
  1126 | D:1      | 1126 ||| DROPPING potion of attraction.
  1127 | D:1      | 1127 ||| DROPPING 2 scrolls of magic mapping.
  1128 | D:1      | 1128 ||| DROPPING potion of degeneration.
  1141 | D:2      | Reached XP level 4. HP: 20/26 MP: 8/8
  1547 | D:3      | 1547 ||| Stepping ~*~*~tactically~*~*~ (stealth).
  1549 | D:3      | 1549 ||| Stepping ~*~*~tactically~*~*~ (hiding).
  1550 | D:3      | 1550 ||| Stepping ~*~*~tactically~*~*~ (stealth).
  1552 | D:3      | 1552 ||| Stepping ~*~*~tactically~*~*~ (hiding).
  1553 | D:3      | 1553 ||| Stepping ~*~*~tactically~*~*~ (hiding).
  1556 | D:3      | Reached skill level 5 in Axes
  1560 | D:3      | 1560 ||| Stepping ~*~*~tactically~*~*~ (stealth).
  1561 | D:3      | HP: 4/26 [gnoll/+0 club (4)]
  1563 | D:3      | HP: 1/26 [gnoll/+0 club (3)]
  1714 | D:3      | Gained mutation: Your magical nature lets you fly swiftly
                  | and evasively. [Tengu growth]
  1714 | D:3      | Reached XP level 5. HP: 15/30 MP: 9/9
  1892 | D:3      | Found a sparkling altar of Nemelex Xobeh.
  2001 | D:3      | Noticed an ogre
  2002 | D:3      | 2002 ||| Stepping ~*~*~tactically~*~*~ (hiding).
  2006 | D:3      | Slain by an ogre

Levels and vault maps discovered:
D:1:      matt_arrival_los_fun, layout_rooms,
          shapermc_ecumenical_altar_rom_forum, dk_noncrumbling_2
D:2:      layout_rooms, minmay_lizard_pond
D:3:      layout_basic, nemelex_xobeh_ov_fountains_minmay, serial_corexii_hall,
          corexii_hall_statues_x, chequers_hall_statues_y,
          corexii_hall_statues_t, chequers_hall_statues_corner_a, st_stairs_1,
          grunt_decor_clamped

Skill      XL: |  1  2  3  4 |
---------------+-------------+-----
Axes           | 3 4 5 |  5.5
Fighting       | |  2.0
Throwing       | |  1.0
Armour         | |  1.1
Dodging        | |  2.1
Spellcasting   | |  2.0
Translocations | |  2.4

Action                   |  1- 3 |  4- 6 || total
-------------------------+-------+-------++-------
Melee: Hand axe          |    15 |       ||    15
       Kick              |    13 |     7 ||    20
       Peck              |     7 |     1 ||     8
       War axe           |    39 |    27 ||    66
Throw: Boomerang         |     7 |    12 ||    19
  Use: Scroll            |     7 |       ||     7
       Potion            |     1 |       ||     1
Armor: Leather armour    |    17 |       ||    17
       Scale mail        |       |     6 ||     6
Dodge: Dodged            |    27 |     9 ||    36

Table legend:
 A = Non-vault XP
 B = Vault XP
 C = Vault XP percentage of total XP
 D = Non-vault monster count
 E = Vault monster count
 F = Vault count percentage of total count
                 A         B        C        D         E       F
            +---------+---------+-------+---------+---------+-------
      Total |     161 |       6 |   3.6 |      35 |       6 |  14.6
            +---------+---------+-------+---------+---------+-------
        D:1 |      26 |       0 |   0.0 |      15 |       0 |   0.0
        D:2 |      66 |       6 |   8.3 |      10 |       6 |  37.5
        D:3 |      69 |       0 |   0.0 |      10 |       0 |   0.0
            +---------+---------+-------+---------+---------+-------
